 Dungeon Crawl Stone Soup version 0.28.0 (webtiles) character file.

Game seed: 2227221325318401343

125 crazypyro the Chopper (level 5, 0/46 HPs)
             Began as a Hill Orc Monk on Feb 12, 2022.
             Slain by a gnoll sergeant (3 damage)
             ... on level 2 of the Dungeon.
             The game lasted 00:02:02 (2728 turns).

crazypyro the Chopper (Hill Orc Monk)               Turns: 2728, Time: 00:02:03

Health: 0/46       AC:  6    Str: 23    XL:     5   Next: 9%
Magic:  5/5        EV: 12    Int:  8    God:
Gold:   85         SH:  0    Dex: 17    Spells: 4/4 levels left

rFire   . . .      SeeInvis .   a - +0 hand axe
rCold   . . .      Faith    .   (no shield)
rNeg    . . .      Spirit   .   h - +0 ring mail of the Sea {rElec Str+7 Int-2 Dex+4}
rPois   .          Reflect  .   (no helmet)
rElec   +          Harm     .   (no cloak)
rCorr   .          Rampage  .   (no gloves)
Will    .....                   e - +0 pair of boots
Stlth   +.........              (no amulet)
HPRegen 0.15/turn               (no ring)
MPRegen 0.09/turn               (no ring)

@: no status effects
A: no striking features
a: no special abilities


You were on level 2 of the Dungeon.
You visited 1 branch of the dungeon, and saw 2 of its levels.

You collected 85 gold pieces.

Inventory:

Hand Weapons
 a - a +0 hand axe (weapon)
Missiles
 i - 2 throwing nets (quivered)
Armour
 b - a +0 robe
 c - a +0 scale mail
 e - a +0 pair of boots (worn)
 h - the +0 ring mail of the Sea (worn) {rElec Str+7 Int-2 Dex+4}
   (You found it on level 2 of the Dungeon)

   Str:       It affects your strength (+7).
   Int:       It affects your intelligence (-2).
   Dex:       It affects your dexterity (+4).
   rElec:     It insulates you from electricity.
Potions
 d - a potion of haste {unknown}
 f - 2 potions of attraction {unknown}
 g - 2 potions of curing {unknown}


   Skills:
 - Level 3.7 Fighting
 * Level 7.2 Axes
 - Level 2.5 Dodging
 - Level 1.7 Stealth


You had 4 spell levels left.
You didn't know any spells.
Your spell library was empty.

Dungeon Overview and Level Annotations

Branches:
Dungeon (2/15)

Altars:


Message History

The gnoll sergeant hits you from afar with a +0 trident.
The gnoll barely misses you.
You barely miss the gnoll.
The gnoll is severely wounded.
The gnoll sergeant hits you from afar with a +0 trident!
You hit the gnoll but do no damage.
The gnoll is severely wounded.
The gnoll hits you with a +2 flail of holy wrath.
The gnoll sergeant closely misses you.
You slash the gnoll!
You kill the gnoll!
The gnoll sergeant closely misses you.
The gnoll sergeant hits you with a +0 trident!
Things that are here:
a +2 flail of holy wrath; a gnoll corpse You hit the gnoll sergeant but do no damage.
The gnoll sergeant hits you with a +0 trident.
The gnoll sergeant blocks your attack. The gnoll sergeant barely misses you.
The gnoll sergeant blocks your attack. The gnoll sergeant misses you.
You slash the gnoll sergeant!
The gnoll sergeant is moderately wounded.
The gnoll sergeant hits you but does no damage.
You barely miss the gnoll sergeant.
The gnoll sergeant is moderately wounded.
The gnoll sergeant closely misses you.
You slash the gnoll sergeant!
The gnoll sergeant is heavily wounded.
The gnoll sergeant hits you with a +0 trident!
* * * LOW HITPOINT WARNING * * *
You hit the gnoll sergeant.
The gnoll sergeant is severely wounded.
The gnoll sergeant hits you with a +0 trident.
* * * LOW HITPOINT WARNING * * *
You hit the gnoll sergeant.
The gnoll sergeant is severely wounded.
The gnoll sergeant misses you.
You hit the gnoll sergeant but do no damage.
The gnoll sergeant is severely wounded.
The gnoll sergeant hits you with a +0 trident.
You die...

#..#<## #......)########
#.#.## ########.......####
#.#.# ♣♣♣♣♣♣#######.....
#.#.# ♣♣...)♣ ###### #.#.#
♣♣♣..##### #.#.#
♣♣♣.)..#...#
#.#.###♣♣....♣.#...##
#.#............g..).#
#.#####♣♣)).♣.@#...# ## #.#
♣♣♣....#...###########. #.#
♣♣♣..######.......... #.#
##### ♣♣)...♣ ###########
#.# #...# ♣♣♣♣♣♣ # #.#
###...### # #.#
#.......###################
#.#
#..........................
#.#
#.>...(.###################


You could see a gnoll sergeant.

Vanquished Creatures
  3 gnolls (D:2)
  3 adders (D:2)
  A worm (D:2)
  A dart slug (D:2)
  3 orcs (D:2)
  7 ball pythons
  4 bats
  4 endoplasms
  A giant cockroach (D:1)
  7 hobgoblins
  2 jackals (D:1)
  5 kobolds
  3 quokkas
  2 frilled lizards
  5 goblins
  5 rats
56 creatures vanquished.

Notes
Turn   | Place    | Note
-------+----------+-------------------------------------------
     0 | D:1      | crazypyro the Hill Orc Monk began the quest for the Orb.
     0 | D:1      | Reached XP level 1. HP: 19/19 MP: 1/1
   278 | D:1      | Reached XP level 2. HP: 22/27 MP: 2/2
   720 | D:1      | Reached skill level 5 in Axes
   833 | D:1      | Reached XP level 3. HP: 33/33 MP: 3/3
  1721 | D:2      | Reached skill level 6 in Axes
  1721 | D:2      | Reached XP level 4. HP: 40/40 MP: 4/4
  1969 | D:2      | Found a faded altar of an unknown god.
  2175 | D:2      | Identified the +0 ring mail of the Sea {rElec Str+7 Int-2
                  | Dex+4}
  2465 | D:2      | Reached skill level 7 in Axes
  2465 | D:2      | Reached XP level 5. HP: 10/46 MP: 5/5
  2707 | D:2      | Found the +8 woodcutter's axe {vorpal}
  2728 | D:2      | Slain by a gnoll sergeant

Illustrated notes

Levels and vault maps discovered:
D:1:      co_arrival_square_in_a_square_in_a_square, layout_basic
D:2:      layout_loops_ring, shapermc_ecumenical_altar_acropolis,
          pf_guarded_unrand_woodcutter

Skill      XL: |  1  2  3  4 |
---------------+-------------+-----
Axes           | 5 6 7 |  7.2
Fighting       | |  3.7
Dodging        | |  2.5
Stealth        | |  1.7

Action                   |  1- 3 |  4- 6 || total
-------------------------+-------+-------++-------
Melee: Hand axe          |   132 |    76 ||   208
       Punch             |     1 |     1 ||     2
Armor: Scale mail        |    62 |    21 ||    83
       Robe              |     1 |       ||     1
       Ring mail         |       |     3 ||     3
Dodge: Dodged            |    76 |    41 ||   117
